[Event "November 21 Early 2023"]
[Site "https://www.chess.com"]
[Date "2023.11.21"]
[Round "7"]
[White "Weishaeutel, Moritz"]
[Black "Arifarsky"]
[Result "0-1"]
[Board "46"]
[TimeControl "180+1"]
[WhiteFideId "12967300"]
[WhiteElo "2321"]
[BlackElo "2793"]
[WhiteTeam "GER"]
[WhiteClock "0:00:16"]
[BlackClock "0:00:13"]

1. e4 c5 2. d4 cxd4 3. c3 d5 4. exd5 Qxd5 5. cxd4 Nc6 6. Nf3 e6 7. Nc3 Qd8 8. Bd3 Nf6 9. O-O Be7 10. Re1 O-O 11. a3 b6 12. Bg5 Bb7 13. Bc2 h6 14. Bh4 Ba6 15. Bb3 Na5 16. Ba2 Rc8 17. Ne5 Bc4 18. Nxc4 Nxc4 19. Qe2 Qxd4 20. Bg3 Na5 21. Rad1 Qg4 22. Qa6 Nc6 23. Qb7 Rfe8 24. Rd2 Nh5 25. Bc7 Nf4 26. f3 Bc5+ 27. Kh1 Qh4 28. Re4 Qe7 29. Nb5 a6 30. Qxc6 axb5 31. Bxf4 Rxc6 32. Bd5 exd5 33. Rxe7 Rxe7 34. h3 Re1+ 35. Kh2 Be3 36. Bxe3 Rxe3 37. Rxd5 Rc5 38. Rd8+ Kh7 39. Rb8 Re2 40. Rxb6 Rxb2 41. a4 b4 42. a5 Rxa5 43. Rb7 Rg5 44. Ra7 Rgxg2+ 0-1

[Event "November 21 Early 2023"]
[Site "https://www.chess.com"]
[Date "2023.11.21"]
[Round "7"]
[White "Rychkov, Oleg"]
[Black "Belov, Alexei"]
[Result "1-0"]
[Board "47"]
[TimeControl "180+1"]
[WhiteFideId "4122852"]
[BlackFideId "4128206"]
[WhiteElo "2398"]
[BlackElo "2630"]
[WhiteTeam "RUS"]
[BlackTeam "RUS"]
[WhiteClock "0:00:19"]
[BlackClock "0:00:08"]

1. e4 e6 2. d4 d5 3. Nd2 Nf6 4. Bd3 c5 5. c3 Nc6 6. Ngf3 dxe4 7. Nxe4 cxd4 8. cxd4 Nxe4 9. Bxe4 Bb4+ 10. Kf1 h6 11. h4 O-O 12. Bc2 Be7 13. Qd3 f5 14. a3 Bf6 15. Be3 Ne7 16. Kg1 Bd7 17. Re1 Nd5 18. Bd2 Rc8 19. Bb3 Qb6 20. Ne5 Bb5 21. Qg3 Qxd4 22. Bxh6 f4 23. Qg4 Rfe8 24. a4 Qxb2 25. Rh3 Rc3 26. Bxd5 exd5 27. axb5 Rxh3 28. gxh3 Rxe5 29. Rd1 Kh7 30. Bxf4 Re4 31. Qf5+ Kg8 32. Qxd5+ 1-0

[Event "November 21 Early 2023"]
[Site "https://www.chess.com"]
[Date "2023.11.21"]
[Round "7"]
[White "Vignesh N R"]
[Black "Aaditya Dhingra"]
[Result "1-0"]
[Board "48"]
[TimeControl "180+1"]
[WhiteFideId "25012215"]
[BlackFideId "25678191"]
[WhiteElo "2425"]
[BlackElo "2269"]
[WhiteTeam "IND"]
[BlackTeam "IND"]
[WhiteClock "0:00:54"]
[BlackClock "0:00:17"]

1. d4 d5 2. c4 c6 3. Nf3 Nf6 4. e3 e6 5. b3 Nbd7 6. Bd3 Bd6 7. Bb2 Ne4 8. Bxe4 dxe4 9. Nfd2 f5 10. O-O O-O 11. Ba3 c5 12. Nc3 a6 13. Na4 Qc7 14. g3 cxd4 15. Bxd6 Qxd6 16. c5 Qd5 17. Nc4 d3 18. Ncb6 Nxb6 19. Nxb6 Qxc5 20. Nxa8 Bd7 21. Rc1 Qe5 22. Nb6 Bc6 23. Qd2 f4 24. exf4 Qh5 25. Qe3 g5 26. Rxc6 bxc6 27. Qxe4 d2 28. Qxe6+ Kg7 29. Qd7+ Kh8 30. Qxd2 gxf4 31. Nc4 f3 32. Qd4+ Kg8 33. Qh4 1-0

[Event "November 21 Early 2023"]
[Site "https://www.chess.com"]
[Date "2023.11.21"]
[Round "7"]
[White "Gontcharov, Vladislav"]
[Black "Llorente Zaro, Alfonso"]
[Result "0-1"]
[Board "49"]
[TimeControl "180+1"]
[WhiteFideId "4123492"]
[BlackFideId "2254131"]
[WhiteElo "2420"]
[BlackElo "2485"]
[WhiteTeam "RUS"]
[BlackTeam "ESP"]
[WhiteClock "0:00:16"]
[BlackClock "0:00:51"]

1. d4 Nc6 2. Nf3 d5 3. e3 Bg4 4. c4 e5 5. cxd5 Qxd5 6. Nc3 Bb4 7. Qd2 Bxf3 8. gxf3 Qxf3 9. Rg1 exd4 10. Bg2 dxc3 11. bxc3 Qf6 12. Bb2 Ba5 13. O-O-O Rd8 14. Qc2 Nge7 15. c4 Qg6 16. Bxc6+ Qxc6 17. Bxg7 Rxd1+ 18. Rxd1 Rg8 19. Qd3 Qd6 20. Qe4 Qe6 21. Qd4 c5 22. Qb2 Qxc4+ 23. Kb1 Qb4 24. Bf6 Qxb2+ 25. Kxb2 Rg6 26. Bh4 Nf5 27. Bg3 Nxg3 28. hxg3 Rf6 29. f4 Rg6 30. Rg1 Bd2 31. g4 Bxe3 32. Re1 Re6 33. Kc2 Bxf4 34. Rh1 h6 0-1

[Event "November 21 Early 2023"]
[Site "https://www.chess.com"]
[Date "2023.11.21"]
[Round "7"]
[White "Maltsevskaya, Aleksandra"]
[Black "Skvortsov, Andrei"]
[Result "1/2-1/2"]
[Board "50"]
[TimeControl "180+1"]
[WhiteFideId "24174041"]
[BlackFideId "24108600"]
[WhiteElo "2296"]
[BlackElo "2357"]
[WhiteTeam "POL"]
[BlackTeam "MNE"]
[WhiteClock "0:00:05"]
[BlackClock "0:00:20"]

1. e4 d5 2. exd5 Qxd5 3. Nc3 Qe5+ 4. Be2 Bg4 5. d4 Bxe2 6. Ngxe2 Qa5 7. O-O Nf6 8. d5 g6 9. a3 Bg7 10. b4 Qa6 11. Be3 Qc4 12. Qd4 Qxd4 13. Nxd4 a6 14. Rfe1 Ng4 15. Rad1 Nxe3 16. Rxe3 Nd7 17. Na4 Bf6 18. Nb3 O-O-O 19. c4 Ne5 20. Rc1 Nd7 21. Re2 Rhe8 22. Nbc5 Nb8 23. Ne4 Bg7 24. g3 e6 25. Rce1 e5 26. Ng5 f6 27. Ne6 Rd7 28. Nac5 Rde7 29. Nxg7 Rxg7 30. f4 Rge7 31. fxe5 Rxe5 32. Rxe5 Rxe5 33. Rxe5 fxe5 34. Kf2 b5 35. cxb5 axb5 36. Ke3 Nd7 37. Ke4 Nf6+ 38. Kxe5 Ng4+ 39. Kd4 Nxh2 40. Ne4 Ng4 41. Kc5 Ne3 42. d6 Nc4 43. Kxb5 Nxa3+ 44. Kc6 cxd6 45. Kxd6 Kb7 46. Ke6 Nc2 47. b5 Nd4+ 48. Kf6 h5 49. Kxg6 Ne2 50. Kxh5 Nxg3+ 51. Nxg3 Kb6 52. Nh1 Kxb5 1/2-1/2

[Event "November 21 Early 2023"]
[Site "https://www.chess.com"]
[Date "2023.11.21"]
[Round "7"]
[White "Vlassov, Nikolai"]
[Black "Fier, Alexandr"]
[Result "1-0"]
[Board "51"]
[TimeControl "180+1"]
[WhiteFideId "4103360"]
[BlackFideId "2107139"]
[WhiteElo "2324"]
[BlackElo "2578"]
[WhiteTeam "FID"]
[BlackTeam "BRA"]
[WhiteClock "0:00:48"]
[BlackClock "0:02:28"]

1. e4 Nf6 2. e5 Nd5 3. d4 d6 4. c4 Nb6 5. f4 dxe5 6. fxe5 c5 7. d5 e6 8. Nc3 exd5 9. cxd5 c4 10. Nf3 Bc5 11. Bg5 f6 12. exf6 gxf6 13. Bh4 Bf5 14. Nd4 Qe7+ 15. Be2 Bd3 16. Ne6 Bb4 17. O-O Bxc3 18. Bxd3 cxd3 19. bxc3 Nxd5 20. Qh5+ Kd7 21. Qxd5+ Qd6 22. Nc5+ Kc7 23. Bg3 1-0

[Event "November 21 Early 2023"]
[Site "https://www.chess.com"]
[Date "2023.11.21"]
[Round "7"]
[White "Skatchkov, Valery"]
[Black "Hulka, Valentyn"]
[Result "1-0"]
[Board "52"]
[TimeControl "180+1"]
[WhiteFideId "24195812"]
[BlackFideId "34107061"]
[WhiteElo "2320"]
[BlackElo "2163"]
[WhiteTeam "RUS"]
[BlackTeam "UKR"]
[WhiteClock "0:00:09"]
[BlackClock "0:00:11"]

1. d4 Nf6 2. c4 e6 3. Nf3 d5 4. g3 Be7 5. Bg2 O-O 6. Nc3 a5 7. O-O c6 8. Bf4 dxc4 9. Ne5 Nd5 10. Nxc4 Nxf4 11. gxf4 Nd7 12. e3 Nb6 13. Ne5 Nd5 14. a4 Bd7 15. Qb3 Bb4 16. Na2 Be8 17. Nxb4 Nxb4 18. Rac1 Qe7 19. Bf3 Kh8 20. Nd3 Nxd3 21. Qxd3 f6 22. Rc5 Bg6 23. Qc3 Qc7 24. Rc1 Qb6 25. Kg2 Rfe8 26. h3 Bf5 27. Kh2 Re7 28. Qa3 Ree8 29. Qc3 Bg6 30. Bh5 Bxh5 31. Rxh5 Rad8 32. Qd3 f5 33. Qc3 h6 34. d5 Kh7 35. Rg1 Rd7 36. dxe6 Rxe6 37. Rxf5 Qb4 38. Rxa5 Qxc3 39. bxc3 Rd2 40. Rg2 Rc2 41. Rf5 Re7 42. Rc5 Kg8 43. a5 Ra2 44. Kg3 Kf7 45. Kf3 Ra3 46. h4 Ra2 47. Rg1 Rd7 48. Rf5+ Ke8 49. Re5+ Kf8 50. h5 Rdd2 51. Rg2 Rd7 52. Rf5+ Ke8 53. Re5+ Kf8 54. f5 Ra3 55. c4 Ra4 56. Rg4 Ra2 57. f6 gxf6 58. Rf5 Kf7 59. Rg6 Rdd2 60. Rfxf6+ Ke7 61. Kg2 Rxa5 62. Rxh6 Rg5+ 63. Kf3 b5 64. cxb5 cxb5 65. Ke4 b4 66. Rb6 Rxf2 67. Rb7+ Kf8 68. Rh8+ Rg8 69. Rb8+ Kg7 70. Rbxg8+ Kf6 71. Rf8+ Kg5 72. Rxf2 b3 73. Rg8+ Kh4 74. Rh2# 1-0

[Event "November 21 Early 2023"]
[Site "https://www.chess.com"]
[Date "2023.11.21"]
[Round "7"]
[White "Borsuk, Konstantin"]
[Black "Vestby-Ellingsen, Mads"]
[Result "1-0"]
[Board "53"]
[TimeControl "180+1"]
[WhiteFideId "14113406"]
[BlackFideId "1520857"]
[WhiteElo "2410"]
[BlackElo "2241"]
[WhiteTeam "UKR"]
[BlackTeam "NOR"]
[WhiteClock "0:00:06"]
[BlackClock "0:00:07"]

1. d4 d5 2. c4 c5 3. cxd5 Qxd5 4. Nf3 cxd4 5. Qxd4 Nf6 6. Nc3 Qxd4 7. Nxd4 a6 8. g3 e5 9. Nc2 Nc6 10. Bg2 Bd7 11. Be3 Be7 12. Bb6 O-O 13. O-O-O Rac8 14. Kb1 Bf5 15. e4 Bg4 16. f3 Be6 17. f4 Nd7 18. Be3 f5 19. Nd5 fxe4 20. Nxe7+ Nxe7 21. Bxe4 exf4 22. Bxf4 Nc5 23. Nd4 Bf7 24. Bc2 Nd5 25. Bd6 Rfe8 26. Nf5 Ne4 27. Bb3 Nef6 28. Rhe1 Bg6 29. Rxe8+ Rxe8 30. g4 Kh8 31. h3 Bxf5+ 32. gxf5 Ne3 33. Rc1 Nxf5 34. Bb4 Nd4 35. Bf7 Ra8 36. Rc7 Rb8 37. a4 Nc6 38. Bc3 h6 39. Bg6 Rg8 40. Bf7 Rf8 41. Rxb7 Ne4 42. Bxg7+ Kxg7 43. Bd5+ Kf6 44. Bxe4 Nd4 45. Bd3 a5 46. Rb6+ Kg5 47. Rd6 Nf3 48. Rd5+ Kh4 49. Rxa5 Rd8 50. Bc2 Nd4 51. Ra6 Rf8 52. Rxh6+ Kg5 53. Rd6 Rf1+ 54. Ka2 Nxc2 55. Kb3 Ne3 56. a5 Nf5 57. Rd5 Kf6 58. Rb5 Rf3+ 59. Kb4 Ke6 60. Rb6+ Nd6 61. a6 Rf8 62. h4 Kd7 63. Ka5 Kc7 64. Rb4 Rf5+ 65. Ka4 Rf8 66. Ka5 Rf5+ 67. Ka4 Kc6 68. a7 Rf8 69. Rb8 Rf4+ 70. Ka3 Nb5+ 71. Rxb5 Kxb5 72. a8=Q Rxh4 73. Qb7+ Ka5 74. Qc7+ Kb5 75. Qd7+ Ka5 76. Qd8+ Ka6 77. Qxh4 Kb5 78. Qb4+ Ka6 79. Kb3 Ka7 80. Kc4 Ka8 81. Kc5 Ka7 82. Kc6 Ka8 83. Qb7# 1-0

[Event "November 21 Early 2023"]
[Site "https://www.chess.com"]
[Date "2023.11.21"]
[Round "7"]
[White "Predator0608"]
[Black "Samunenkov, Ihor"]
[Result "0-1"]
[Board "54"]
[TimeControl "180+1"]
[BlackFideId "14187086"]
[WhiteElo "2597"]
[BlackElo "2473"]
[BlackTeam "UKR"]
[WhiteClock "0:00:03"]
[BlackClock "0:00:04"]

1. e4 c6 2. d4 d5 3. f3 e6 4. Nc3 Qb6 5. f4 dxe4 6. Nxe4 Nd7 7. Nf3 Ngf6 8. Nf2 c5 9. c3 cxd4 10. Nxd4 Be7 11. Be2 O-O 12. O-O Bc5 13. Bf3 Rd8 14. Nb3 Ne5 15. Qe2 Nxf3+ 16. Qxf3 Bf8 17. Be3 Qc7 18. Bd4 Bd7 19. Be5 Qb6 20. Bd4 Qc7 21. Be5 Qb6 22. Bd4 Qc6 23. Qg3 Kh8 24. Nd3 Be8 25. Ne5 Qe4 26. Rae1 Qf5 27. Qh4 Qh5 28. Qg3 Rac8 29. Bxa7 Nd5 30. Bd4 f6 31. Nf3 Bf7 32. Re2 Ra8 33. Rfe1 Rxa2 34. Nc1 Ra1 35. Kf2 Rda8 36. Nd3 Qf5 37. Nh4 Qh5 38. Nc5 Rxe1 39. Rxe1 Re8 40. Re2 b6 41. Ne4 e5 42. fxe5 fxe5 43. Be3 Be7 44. Nf3 Nxe3 45. Rxe3 Bg6 46. Qxe5 Bh4+ 47. Ke2 Rxe5 48. g4 Qxg4 49. h3 Qh5 50. Ng3 Rxe3+ 51. Kxe3 Bxg3 52. Ne5 Qxe5+ 0-1

[Event "November 21 Early 2023"]
[Site "https://www.chess.com"]
[Date "2023.11.21"]
[Round "7"]
[White "gueraumasague"]
[Black "Tatarinov, Dmitry"]
[Result "1-0"]
[Board "55"]
[TimeControl "180+1"]
[BlackFideId "24160067"]
[WhiteElo "2593"]
[BlackElo "2344"]
[BlackTeam "RUS"]
[WhiteClock "0:00:43"]
[BlackClock "0:00:06"]

1. e4 c5 2. Nc3 Nc6 3. Bb5 e6 4. Bxc6 bxc6 5. d3 Ne7 6. f4 d5 7. Nf3 f6 8. O-O Ng6 9. Qe2 Bd6 10. e5 Be7 11. Na4 O-O 12. c4 Rf7 13. b3 Bd7 14. Bd2 Kh8 15. Rac1 d4 16. Rce1 Qc7 17. g3 Rg8 18. Bc1 Qd8 19. Ba3 Qf8 20. Qd2 fxe5 21. Nxe5 Nxe5 22. Rxe5 g5 23. Bxc5 gxf4 24. Bxe7 Qxe7 25. Rxf4 Rgf8 26. Rxf7 Qxf7 27. Qe2 c5 28. Nxc5 Bc6 29. Nxe6 Bf3 30. Qe1 Re8 31. Nxd4 Rd8 32. Rf5 Qg6 33. Rxf3 Rxd4 34. Qe5+ Qg7 35. Rf8# 1-0

[Event "November 21 Early 2023"]
[Site "https://www.chess.com"]
[Date "2023.11.21"]
[Round "7"]
[White "NovozhilovSemen"]
[Black "Thorfinnsson, Bjorn"]
[Result "1-0"]
[Board "56"]
[TimeControl "180+1"]
[BlackFideId "2300982"]
[WhiteElo "2752"]
[BlackElo "2381"]
[BlackTeam "ISL"]
[WhiteClock "0:01:26"]
[BlackClock "0:00:06"]

1. d4 d5 2. c4 e6 3. Nf3 Be7 4. Qc2 Nf6 5. g3 c6 6. Bg2 O-O 7. O-O b6 8. Nbd2 Bb7 9. e4 dxe4 10. Nxe4 Nxe4 11. Qxe4 Nd7 12. Rd1 Qc8 13. Ne5 Rd8 14. Be3 Nxe5 15. dxe5 Qc7 16. h4 Rxd1+ 17. Rxd1 Rd8 18. Rc1 Rd7 19. c5 bxc5 20. Bxc5 Bxc5 21. Rxc5 Rd5 22. Qe3 Rxc5 23. Qxc5 Qb6 24. Qe7 g6 25. h5 gxh5 26. Bf3 Qxb2 27. Bxh5 Qb1+ 28. Kg2 c5+ 29. f3 Qc2+ 30. Kh3 Qf5+ 31. Kh4 Bxf3 32. Qd8+ Kg7 33. Qf6+ Qxf6+ 34. exf6+ Kxf6 35. Bxf3 Ke5 36. Kg5 f5 37. Bd1 c4 38. Bc2 c3 39. Bb1 a6 40. a3 a5 41. a4 Kd4 42. Kf6 Ke3 43. Kxe6 Kf3 44. Bxf5 Kxg3 45. Bxh7 Kf2 46. Kd5 Ke3 47. Kc4 Kd2 48. Kb3 c2 49. Bxc2 Ke3 50. Kc4 1-0

[Event "November 21 Early 2023"]
[Site "https://www.chess.com"]
[Date "2023.11.21"]
[Round "7"]
[White "Nagy, Gabor"]
[Black "Statham_l3"]
[Result "1-0"]
[Board "57"]
[TimeControl "180+1"]
[WhiteFideId "737119"]
[WhiteElo "2505"]
[BlackElo "2585"]
[WhiteTeam "HUN"]
[WhiteClock "0:01:12"]
[BlackClock "0:00:00"]

1. d4 e6 2. Nc3 Nf6 3. Bf4 Bb4 4. e3 d5 5. Ne2 c5 6. a3 Bxc3+ 7. Nxc3 c4 8. e4 O-O 9. e5 Nfd7 10. Be2 f6 11. exf6 Qxf6 12. Bg3 Nc6 13. O-O Nxd4 14. Re1 Nf5 15. Bf4 a6 16. Bf1 Kh8 17. Qd2 b5 18. Bg5 Qg6 19. Ne2 h6 20. Bf4 Bb7 21. Rad1 e5 22. Bg3 h5 23. h4 Rae8 24. b3 Nf6 25. Qg5 Qh7 26. f3 d4 27. bxc4 bxc4 28. Bf2 Qh6 29. Ng3 Nxg3 30. Qxh6+ gxh6 31. Bxg3 Nd7 32. Bxc4 Rc8 33. Be6 Rxc2 34. Bxd7 Bxf3 35. Bxe5+ 1-0

[Event "November 21 Early 2023"]
[Site "https://www.chess.com"]
[Date "2023.11.21"]
[Round "7"]
[White "Orujov2008"]
[Black "Malyi, Viacheslav"]
[Result "1-0"]
[Board "58"]
[TimeControl "180+1"]
[BlackFideId "14123983"]
[WhiteElo "2737"]
[BlackElo "2291"]
[BlackTeam "UKR"]
[WhiteClock "0:01:19"]
[BlackClock "0:01:02"]

1. e4 e5 2. Nf3 Nc6 3. Bb5 a6 4. Ba4 Nf6 5. O-O Be7 6. Re1 b5 7. Bb3 d6 8. c3 O-O 9. h3 Na5 10. Bc2 c5 11. d4 cxd4 12. cxd4 Qc7 13. Nc3 Be6 14. Ne2 Rfb8 15. Ng3 Rc8 16. Bb1 g6 17. h4 Bg4 18. d5 Nc4 19. b3 Nb6 20. Bh6 Qc3 21. Bd3 Nbd7 22. Qe2 Nc5 23. Bc2 Ncd7 24. Rac1 Qb2 25. Nf1 Bxf3 26. gxf3 Nh5 27. Bd3 Bxh4 28. Qxb2 1-0

[Event "November 21 Early 2023"]
[Site "https://www.chess.com"]
[Date "2023.11.21"]
[Round "7"]
[White "Shubenkova, Veronika"]
[Black "Hua, Lefong"]
[Result "1-0"]
[Board "59"]
[TimeControl "180+1"]
[WhiteFideId "44124040"]
[BlackFideId "2602253"]
[WhiteElo "1967"]
[BlackElo "2737"]
[WhiteTeam "RUS"]
[BlackTeam "CAN"]
[WhiteClock "0:01:40"]
[BlackClock "0:01:41"]

1. e4 c5 2. Nc3 g6 3. g3 Bg7 4. Bg2 Nc6 5. d3 d6 6. f4 e6 7. Nf3 Nge7 8. O-O O-O 9. Rb1 b6 10. Be3 d5 11. Ne2 d4 12. Bf2 Rb8 13. Qd2 f5 14. Rfe1 Qd7 15. h3 Bb7 16. g4 Rbe8 17. gxf5 exf5 18. e5 Nd5 19. h4 Nd8 20. Ng5 Ne6 21. c4 dxc3 22. bxc3 Rd8 23. Nxe6 Qxe6 24. c4 Nb4 25. Bxb7 Rxd3 26. Qxd3 Nxd3 27. Bd5 Qxd5 28. cxd5 Nxe1 29. Rxe1 Rd8 30. Nc3 Kf7 31. Rd1 a6 32. Na4 Bh6 33. Be3 c4 34. Nxb6 Rb8 1-0

[Event "November 21 Early 2023"]
[Site "https://www.chess.com"]
[Date "2023.11.21"]
[Round "7"]
[White "Goltsev, Dmitry"]
[Black "brm72"]
[Result "1-0"]
[Board "60"]
[TimeControl "180+1"]
[WhiteFideId "24176710"]
[WhiteElo "2370"]
[BlackElo "2549"]
[WhiteTeam "RUS"]
[WhiteClock "0:01:58"]
[BlackClock "0:00:06"]

1. e4 c5 2. Nf3 d6 3. d4 cxd4 4. Nxd4 Nf6 5. Nc3 a6 6. Be2 e5 7. Nb3 Be7 8. O-O O-O 9. f4 Nc6 10. Be3 b6 11. Nd5 Nxd5 12. exd5 Nb8 13. fxe5 dxe5 14. Bf3 Bd6 15. c4 Nd7 16. Rc1 Nc5 17. Nd2 Bf5 18. b4 Nd3 19. c5 Nxc1 20. Qxc1 bxc5 21. bxc5 Rc8 22. Qa3 e4 23. Be2 Qh4 24. Rxf5 Qe1+ 25. Bf1 Qxe3+ 26. Qxe3 Bxc5 27. Qxc5 Rxc5 28. Nxe4 Rc2 29. d6 Rd8 30. Ra5 g6 31. Rxa6 h6 32. Ra7 Kg7 33. a4 Rc1 34. Kf2 Rb1 35. a5 Rb4 36. Bd3 Rb3 37. Ke3 Kf8 38. a6 f5 39. Nc5 Rb6 40. Ne6+ Ke8 41. Nxd8 Kxd8 42. d7 1-0

[Event "November 21 Early 2023"]
[Site "https://www.chess.com"]
[Date "2023.11.21"]
[Round "7"]
[White "Do Nascimento,Christian Almeida"]
[Black "De Silva, L M S T"]
[Result "1/2-1/2"]
[Board "61"]
[TimeControl "180+1"]
[WhiteFideId "2143801"]
[BlackFideId "9953698"]
[WhiteElo "2118"]
[BlackElo "2372"]
[WhiteTeam "BRA"]
[BlackTeam "SRI"]
[WhiteClock "0:00:21"]
[BlackClock "0:00:04"]

1. e4 g6 2. d4 Bg7 3. Nc3 d6 4. Nf3 Nd7 5. Be2 e6 6. O-O Ne7 7. Bf4 a6 8. Qd2 h6 9. h3 b6 10. Rfe1 Bb7 11. Rad1 g5 12. Bh2 Ng6 13. Bd3 e5 14. dxe5 Ndxe5 15. Nxe5 dxe5 16. Qe2 O-O 17. Bc4 Qe7 18. Nd5 Qc5 19. b4 Qc6 20. Bb3 Kh7 21. Qf3 a5 22. c3 a4 23. Bc2 Nf4 24. Bxf4 gxf4 25. Qg4 Bc8 26. Qh5 Be6 27. g3 fxg3 28. fxg3 Qc4 29. Rf1 Qxa2 30. Rd2 Rad8 31. Rdf2 c6 32. Nf6+ Kh8 33. Bd1 Rd2 34. Bg4 Rxf2 35. Rxf2 Qb1+ 36. Kg2 Bxg4 37. hxg4 Qc1 38. Nd7 Rd8 39. Qxf7 Qg5 40. Qe6 a3 41. Nxb6 Rd2 42. Rxd2 Qxd2+ 43. Kh3 a2 44. Qc8+ Kh7 45. Qf5+ Kg8 46. Qe6+ Kh7 47. Qf5+ Kg8 48. Qe6+ Kf8 49. Nd7+ Qxd7 50. Qxd7 a1=Q 51. Qd8+ Kf7 52. Qd7+ Kg8 53. Qe6+ Kf8 54. Qd6+ Ke8 55. Qe6+ Kd8 56. Qd6+ Kc8 57. Qxc6+ Kd8 58. Qd6+ Ke8 59. Qe6+ Kf8 60. Qd6+ Kf7 61. Qd7+ Kf8 62. Qd6+ Kg8 63. Qe6+ Kh7 64. Qf5+ Kg8 65. Qe6+ Kh8 66. Qc8+ Kh7 67. Qf5+ Kg8 68. Qe6+ 1/2-1/2

[Event "November 21 Early 2023"]
[Site "https://www.chess.com"]
[Date "2023.11.21"]
[Round "7"]
[White "Kassimov, Baurzhan"]
[Black "Shoker, Samy"]
[Result "0-1"]
[Board "62"]
[TimeControl "180+1"]
[WhiteFideId "13704800"]
[BlackFideId "627143"]
[WhiteElo "2220"]
[BlackElo "2475"]
[WhiteTeam "KAZ"]
[BlackTeam "EGY"]
[WhiteClock "0:00:00"]
[BlackClock "0:01:41"]

1. c4 Nf6 2. Nc3 d6 3. g3 g6 4. Bg2 Bg7 5. Nf3 O-O 6. O-O c6 7. d4 Nbd7 8. e4 e5 9. h3 exd4 10. Nxd4 Re8 11. Be3 a6 12. Qc2 Qe7 13. Rfe1 Rb8 14. Rad1 c5 15. Nde2 b5 16. b3 bxc4 17. bxc4 Bb7 18. Nd5 Bxd5 19. exd5 Qd8 20. Qa4 Rb4 21. Qxa6 Qb8 22. Bf4 Ne5 23. Nc3 Nfd7 24. Nb5 Bf8 25. a3 Rxc4 26. Bxe5 Nxe5 27. Nxd6 Qxd6 28. Qxc4 Nxc4 29. Rxe8 Kg7 30. a4 Qa6 31. Bf1 Qxa4 0-1

[Event "November 21 Early 2023"]
[Site "https://www.chess.com"]
[Date "2023.11.21"]
[Round "7"]
[White "Priasmoro, Novendra"]
[Black "Mazurkiewicz, Michal"]
[Result "1-0"]
[Board "63"]
[TimeControl "180+1"]
[WhiteFideId "7105029"]
[BlackFideId "1124943"]
[WhiteElo "2412"]
[BlackElo "2124"]
[WhiteTeam "INA"]
[BlackTeam "POL"]
[WhiteClock "0:00:01"]
[BlackClock "0:00:00"]

1. Nf3 Nf6 2. d4 g6 3. Bf4 Bg7 4. e3 O-O 5. h3 d6 6. Be2 Nc6 7. O-O Re8 8. c4 Nd7 9. Nc3 e5 10. Bh2 f5 11. Rc1 Rf8 12. dxe5 Ndxe5 13. Nxe5 Nxe5 14. Qd2 Be6 15. b3 c6 16. Rfd1 Nf7 17. Bxd6 Nxd6 18. Qxd6 Qf6 19. Qb4 f4 20. e4 Bxh3 21. gxh3 f3 22. Bf1 Qg5+ 23. Kh1 Be5 24. Nd5 cxd5 25. Qd2 Bf4 26. Qxd5+ Qxd5 27. cxd5 Bxc1 28. Rxc1 Rac8 29. Rd1 Rfe8 30. Bd3 Kg7 31. Kh2 Kf6 32. Kg3 Ke5 33. Kxf3 Rf8+ 34. Ke3 Rf4 35. f3 Rh4 36. Rh1 Rf8 37. Be2 g5 38. Rc1 Rxh3 39. Rc7 g4 40. Re7+ Kd6 41. Re6+ Kd7 42. Bb5+ Kc7 43. d6+ Kb6 44. a4 gxf3 45. Kf2 a6 46. Bc4 1-0

[Event "November 21 Early 2023"]
[Site "https://www.chess.com"]
[Date "2023.11.21"]
[Round "7"]
[White "mind1mover"]
[Black "Pham, Le Thao Nguyen"]
[Result "1-0"]
[Board "64"]
[TimeControl "180+1"]
[BlackFideId "12401226"]
[WhiteElo "2870"]
[BlackElo "2261"]
[BlackTeam "VIE"]
[WhiteClock "0:00:03"]
[BlackClock "0:00:00"]

1. Nf3 d5 2. b3 Bf5 3. Bb2 e6 4. c4 Nf6 5. cxd5 exd5 6. e3 h6 7. Be2 c6 8. O-O Nbd7 9. a3 Bd6 10. d3 O-O 11. Nbd2 Re8 12. b4 a6 13. h3 Qe7 14. Nb3 Nh7 15. Re1 Bc7 16. e4 dxe4 17. dxe4 Be6 18. Nbd4 Rad8 19. Qc2 Ng5 20. Nxe6 Nxe6 21. Bc4 Nf4 22. Rad1 Ne5 23. Bxe5 Bxe5 24. Bf1 Qf6 25. Rxd8 Rxd8 26. Rd1 Re8 27. Nxe5 Qxe5 28. g3 Ne6 29. Bg2 Rd8 30. Rxd8+ Nxd8 31. Qd3 Ne6 32. f4 Qd4+ 33. Qxd4 Nxd4 34. Bf1 Kf8 35. Bd3 Ke7 36. Kf2 Kd6 37. Ke3 Ne6 38. Bc4 b5 39. e5+ Kd7 40. Ba2 Ke7 41. g4 g6 42. h4 Nd8 43. f5 Nb7 44. f6+ Ke8 45. Kd4 Kf8 46. g5 hxg5 47. hxg5 Ke8 48. Bb1 a5 49. Bc2 axb4 50. axb4 Kd8 51. Bb3 Ke8 52. Bc2 Kd7 53. Bb3 Ke8 54. e6 fxe6 55. Bxe6 Nd8 56. Bg8 Kf8 57. Bb3 Ke8 58. Kc5 Kd7 59. Bg8 Kc7 60. Kd4 Kd7 61. Ke5 Ke8 62. Kd6 1-0

[Event "November 21 Early 2023"]
[Site "https://www.chess.com"]
[Date "2023.11.21"]
[Round "7"]
[White "Andriasian, Zaven"]
[Black "Klukin, Kirill"]
[Result "0-1"]
[Board "65"]
[TimeControl "180+1"]
[WhiteFideId "13302000"]
[BlackFideId "24199273"]
[WhiteElo "2624"]
[BlackElo "2344"]
[WhiteTeam "ARM"]
[BlackTeam "RUS"]
[WhiteClock "0:01:48"]
[BlackClock "0:01:09"]

1. e4 c5 2. Nc3 g6 3. Nf3 Bg7 4. d4 cxd4 5. Nxd4 Nc6 6. Be3 Nf6 7. Nb3 O-O 8. Be2 d6 9. O-O a6 10. Re1 b5 11. a3 Bb7 12. Rf1 Rc8 13. Re1 Ne5 14. f3 Nc4 15. Bxc4 Rxc4 16. Qd2 Qc7 17. Rad1 Rc8 18. Nd4 e6 19. Nde2 d5 20. exd5 Nxd5 21. Nxd5 Bxd5 22. c3 a5 23. Bd4 e5 24. Be3 Be6 25. Bh6 b4 26. Bxg7 Kxg7 27. axb4 axb4 28. cxb4 Qb6+ 29. Kh1 Rc2 30. Qg5 f6 31. Qh4 Rxb2 32. h3 Rcc2 33. Qe4 Bf5 34. Qxc2 Rxc2 35. Ng3 Qxb4 36. Rf1 Qh4 37. Nxf5+ gxf5 38. Rd7+ Kg6 39. Rd8 Kf7 40. Rd7+ Ke6 41. Rfd1 f4 42. Rg7 Re2 43. Kh2 Re1 44. Rxe1 Qxe1 45. Rxh7 Qg3+ 46. Kh1 f5 47. Rh6+ Kd5 48. Rh5 Qg6 49. Rh8 Kd4 50. Rd8+ Ke3 51. Rd1 e4 52. Rf1 Ke2 53. Kg1 Qb6+ 54. Kh2 Kxf1 0-1

[Event "November 21 Early 2023"]
[Site "https://www.chess.com"]
[Date "2023.11.21"]
[Round "7"]
[White "Boruchovsky, Avital"]
[Black "Redzisz, Michal"]
[Result "0-1"]
[Board "66"]
[TimeControl "180+1"]
[WhiteFideId "2800055"]
[BlackFideId "21816107"]
[WhiteElo "2450"]
[BlackElo "2068"]
[WhiteTeam "ISR"]
[BlackTeam "POL"]
[WhiteClock "0:00:03"]
[BlackClock "0:00:43"]

1. e4 c6 2. c4 d5 3. cxd5 cxd5 4. exd5 Nf6 5. Nc3 Nxd5 6. Nf3 Nc6 7. Bb5 e6 8. O-O Be7 9. d4 O-O 10. a3 a6 11. Bd3 b5 12. Bc2 Bb7 13. Qd3 Nf6 14. Bg5 g6 15. Rfe1 Rc8 16. Rad1 Re8 17. b4 Nd5 18. Bd2 Ncxb4 19. Qe4 Nxc3 20. Qxb7 Nxc2 21. Bxc3 Rxc3 22. Re2 Nxd4 23. Red2 Nxf3+ 24. gxf3 Qc8 0-1

[Event "November 21 Early 2023"]
[Site "https://www.chess.com"]
[Date "2023.11.21"]
[Round "7"]
[White "Urazayev, Arystanbek"]
[Black "Jovic, Stanoje"]
[Result "1-0"]
[Board "67"]
[TimeControl "180+1"]
[WhiteFideId "13709810"]
[BlackFideId "905020"]
[WhiteElo "2405"]
[BlackElo "2249"]
[WhiteTeam "KAZ"]
[BlackTeam "SRB"]
[WhiteClock "0:02:14"]
[BlackClock "0:00:00"]

1. e4 c6 2. Nf3 d5 3. Nc3 Nf6 4. e5 Ne4 5. Ne2 Qb6 6. d4 f6 7. Ng3 Bg4 8. h3 Nxg3 9. fxg3 Bh5 10. g4 Bg6 11. Bd3 c5 12. O-O Nc6 13. Bxg6+ hxg6 14. Qd3 cxd4 15. Qxg6+ Kd8 16. e6 d3+ 17. Kh1 dxc2 18. Qxc2 Ne5 19. Nxe5 fxe5 20. Qf5 Qd6 21. Be3 d4 22. Rac1 Rc8 23. Qxf8+ 1-0